General information
			
			
        
        - name: BNet
 
        - type: Ladder team game (AT/RT)
 
        - host: Battle.net
 
        - saver: Blahsmack
 
        
map: Highperch 
        - players: 6
 
        - length: 57:39
 
        - speed: Fast
 - version: 1.22 W3XP
 - replay type:  Public
 
» download(309 KB)
Players
        team 1 (winner) 
              
              
Crypsis (
blue | 74 APM | 4267 actions | 57:25)
              
 5 Paladin 
 3 Holy Light
 2 Divine Shield
 
                » actions 
                
                | Assign group hotkey | 30 |  | 
| Basic commands | 2 |  | 
| Build / train | 85 |  | 
| Enter build submenu | 61 |  | 
| Enter hero's abilities submenu | 9 |  | 
| Remove unit from queue | 10 |  | 
| Right click | 3194 |  | 
| Select / deselect | 726 |  | 
| Select group hotkey | 62 |  | 
| Use ability | 88 |  | 
                4267 total
 » units 
                » upgrades
                
                | Lumber Harvesting | 1 |  | 
| Masonry | 1 |  | 
| Plating | 3 |  | 
| Swords | 3 |  | 
| Barrage | 1 |  | 
| Armor | 0 |  | 
                9 total
 » buildings
                
                | Altar of Kings | 1 |  | 
| Farm | 14 |  | 
| Arcane Vault | 1 |  | 
| Lumber Mill | 1 |  | 
| Scout Tower | 17 |  | 
| Guard Tower | 7 |  | 
| Keep | 1 |  | 
| Blacksmith | 2 |  | 
| Workshop | 3 |  | 
| Castle | 1 |  | 
| Cannon Tower | 1 |  | 
| Town Hall | 2 |  | 
                51 total
 » build order
                00:05 Altar of Kings
00:15 Farm
00:30 Arcane Vault
00:56 Lumber Mill
01:20 Scout Tower
01:38 Scout Tower
01:59 Farm
02:02 Scout Tower
03:30 Guard Tower
05:02 Keep
05:11 Blacksmith
05:18 Blacksmith
05:41 Scout Tower
06:29 Guard Tower
06:32 Farm
06:38 Farm
06:44 Scout Tower
07:26 Workshop
07:34 Guard Tower
07:35 Castle
09:10 Workshop
09:29 Workshop
10:13 Farm
10:16 Scout Tower
10:19 Scout Tower
10:27 Farm
10:31 Farm
10:35 Farm
10:37 Farm
10:47 Scout Tower
10:49 Scout Tower
10:54 Scout Tower
11:01 Guard Tower
11:27 Farm
11:44 Scout Tower
11:47 Guard Tower
12:31 Farm
13:00 Scout Tower
13:05 Scout Tower
13:43 Scout Tower
13:47 Guard Tower
14:16 Scout Tower
14:24 Guard Tower
15:22 Cannon Tower
27:41 Town Hall
36:34 Farm
36:36 Farm
36:38 Farm
43:02 Town Hall
54:09 Scout Tower
54:13 Scout Tower
» items
                
                | Scroll of Regeneration | 3 |  | 
| Lesser Clarity Potion | 3 |  | 
| Staff of Sanctuary | 1 |  | 
| Boots of Speed | 1 |  | 
| Orb of Fire | 1 |  | 
                9 total
  
               
              
              
ScriBz] (
orange | 39 APM | 2236 actions | 57:25)
              
 6 Paladin 
 3 Holy Light
 3 Divine Shield
 
                » actions 
                
                | Assign group hotkey | 95 |  | 
| Basic commands | 137 |  | 
| Build / train | 73 |  | 
| Enter build submenu | 39 |  | 
| Enter hero's abilities submenu | 6 |  | 
| Give item / drop item | 11 |  | 
| Remove unit from queue | 1 |  | 
| Right click | 1074 |  | 
| Select / deselect | 550 |  | 
| Select group hotkey | 171 |  | 
| Use ability | 79 |  | 
                2236 total
 » units 
                
                | Peasant | 8 |  | 
| Siege Engine | 25 |  | 
| Flying Machine | 2 |  | 
                35 total
 » upgrades
                
                | Lumber Harvesting | 2 |  | 
| Plating | 3 |  | 
| Barrage | 1 |  | 
                6 total
 » buildings
                
                | Altar of Kings | 2 |  | 
| Farm | 16 |  | 
| Lumber Mill | 1 |  | 
| Scout Tower | 11 |  | 
| Guard Tower | 8 |  | 
| Keep | 1 |  | 
| Blacksmith | 1 |  | 
| Castle | 1 |  | 
| Workshop | 3 |  | 
| Town Hall | 1 |  | 
                45 total
 » build order
                00:08 Altar of Kings
00:10 Farm
00:12 Altar of Kings
00:40 Lumber Mill
01:49 Scout Tower
01:50 Scout Tower
01:54 Scout Tower
01:56 Scout Tower
01:58 Scout Tower
02:26 Guard Tower
02:28 Guard Tower
02:30 Scout Tower
02:32 Guard Tower
02:32 Guard Tower
02:52 Scout Tower
03:23 Keep
03:52 Guard Tower
03:56 Blacksmith
04:40 Farm
04:42 Farm
04:43 Farm
04:46 Farm
04:48 Farm
05:16 Scout Tower
05:47 Castle
07:02 Workshop
07:05 Workshop
07:13 Workshop
08:15 Farm
08:20 Farm
08:22 Farm
09:09 Farm
09:11 Farm
10:54 Farm
11:40 Farm
12:06 Farm
13:16 Farm
14:25 Farm
21:51 Town Hall
36:51 Scout Tower
37:06 Guard Tower
37:08 Scout Tower
37:45 Guard Tower
37:47 Scout Tower
39:12 Guard Tower
» items
                
                | Potion of Healing | 1 |  | 
| Potion of Mana | 2 |  | 
| Orb of Fire | 4 |  | 
| Lesser Clarity Potion | 2 |  | 
| Staff of Teleportation | 3 |  | 
| Scroll of Town Portal | 1 |  | 
                13 total
  
               
              
              
SeX_Nao (
green | 42 APM | 2387 actions | 57:25)
              
 1 Mountain King 
 1 Storm Bolt
 5 Paladin 
 3 Holy Light
 2 Divine Shield
 
                » actions 
                
                | Basic commands | 15 |  | 
| Build / train | 70 |  | 
| Enter build submenu | 61 |  | 
| Enter hero's abilities submenu | 9 |  | 
| Give item / drop item | 2 |  | 
| Remove unit from queue | 11 |  | 
| Right click | 1310 |  | 
| Select / deselect | 813 |  | 
| Use ability | 96 |  | 
                2387 total
 » units 
                
                | Peasant | 16 |  | 
| Siege Engine | 11 |  | 
| Flying Machine | 3 |  | 
                30 total
 » upgrades
                
                | Lumber Harvesting | 1 |  | 
| Plating | 3 |  | 
| Barrage | 1 |  | 
| Masonry | 1 |  | 
                6 total
 » buildings
                
                | Altar of Kings | 2 |  | 
| Farm | 12 |  | 
| Lumber Mill | 3 |  | 
| Arcane Vault | 1 |  | 
| Scout Tower | 20 |  | 
| Guard Tower | 9 |  | 
| Keep | 1 |  | 
| Blacksmith | 1 |  | 
| Castle | 1 |  | 
| Workshop | 4 |  | 
| Town Hall | 2 |  | 
                56 total
 » build order
                00:09 Altar of Kings
00:15 Altar of Kings
00:17 Farm
00:23 Lumber Mill
01:03 Arcane Vault
01:57 Scout Tower
02:04 Scout Tower
02:27 Guard Tower
02:33 Guard Tower
02:37 Farm
03:16 Keep
03:58 Scout Tower
04:00 Scout Tower
04:42 Guard Tower
04:45 Scout Tower
04:47 Scout Tower
05:14 Guard Tower
05:21 Blacksmith
06:29 Castle
08:01 Workshop
08:02 Workshop
10:05 Farm
10:07 Farm
11:44 Workshop
11:51 Workshop
13:32 Farm
14:10 Farm
14:16 Farm
14:18 Farm
15:27 Farm
15:28 Farm
16:18 Farm
16:20 Farm
22:56 Town Hall
26:15 Lumber Mill
35:26 Scout Tower
35:28 Scout Tower
36:09 Guard Tower
36:12 Scout Tower
36:15 Scout Tower
36:53 Scout Tower
36:58 Scout Tower
37:00 Scout Tower
37:00 Scout Tower
37:02 Scout Tower
37:03 Scout Tower
37:06 Scout Tower
37:08 Scout Tower
37:14 Scout Tower
37:41 Guard Tower
38:38 Guard Tower
38:40 Guard Tower
38:49 Scout Tower
42:51 Guard Tower
43:55 Town Hall
47:23 Guard Tower
50:50 Lumber Mill
» items
                
                | Orb of Fire | 1 |  | 
| Staff of Sanctuary | 1 |  | 
| Ivory Tower | 3 |  | 
                5 total
  
               team 2 (loser) 
              
              
Blahsmack (
teal | 33 APM | 1907 actions | 57:39)
              
 4 Blood Mage 
 2 Flame Strike
 2 Siphon Mana
 3 Archmage 
 1 Blizzard
 1 Brilliance Aura
 1 Summon Water Elemental
 2 Goblin Tinker 
 1 Pocket Factory
 1 Engineering Upgrade
 
                » actions 
                
                | Basic commands | 85 |  | 
| Build / train | 111 |  | 
| Enter build submenu | 63 |  | 
| Enter hero's abilities submenu | 9 |  | 
| Give item / drop item | 4 |  | 
| Right click | 775 |  | 
| Select / deselect | 607 |  | 
| Use ability | 253 |  | 
                1907 total
 » units 
                
                | Peasant | 15 |  | 
| Dragonhawk Rider | 4 |  | 
                19 total
 » upgrades
                
                | Masonry | 3 |  | 
| Lumber Harvesting | 2 |  | 
| Magic Sentry | 1 |  | 
| Swords | 3 |  | 
| Armor | 2 |  | 
| Cloud | 1 |  | 
| Sorceress Training | 2 |  | 
| Priest Training | 2 |  | 
| Animal War Training | 1 |  | 
                17 total
 » buildings
                
                | Farm | 21 |  | 
| Lumber Mill | 3 |  | 
| Altar of Kings | 2 |  | 
| Scout Tower | 89 |  | 
| Guard Tower | 46 |  | 
| Keep | 1 |  | 
| Arcane Vault | 2 |  | 
| Arcane Sanctum | 1 |  | 
| Gryphon Aviary | 3 |  | 
| Arcane Tower | 4 |  | 
| Castle | 3 |  | 
| Blacksmith | 1 |  | 
| Barracks | 1 |  | 
| Town Hall | 2 |  | 
                179 total
 » build order
                00:50 Farm
00:54 Farm
00:59 Farm
01:23 Lumber Mill
01:27 Lumber Mill
01:52 Altar of Kings
03:07 Scout Tower
03:11 Scout Tower
03:12 Scout Tower
03:18 Scout Tower
03:28 Scout Tower
03:29 Scout Tower
03:31 Scout Tower
03:31 Scout Tower
03:32 Scout Tower
03:36 Guard Tower
03:36 Guard Tower
03:52 Guard Tower
03:52 Guard Tower
04:00 Keep
04:03 Guard Tower
04:12 Scout Tower
04:13 Scout Tower
04:13 Scout Tower
04:15 Scout Tower
04:15 Scout Tower
04:16 Scout Tower
04:41 Guard Tower
04:42 Guard Tower
04:48 Guard Tower
04:55 Guard Tower
04:55 Guard Tower
05:06 Scout Tower
05:07 Scout Tower
05:08 Scout Tower
05:36 Guard Tower
05:36 Guard Tower
05:37 Guard Tower
05:40 Guard Tower
05:40 Guard Tower
05:40 Guard Tower
05:47 Guard Tower
05:47 Guard Tower
05:47 Guard Tower
06:06 Guard Tower
06:08 Guard Tower
07:18 Arcane Vault
07:23 Arcane Sanctum
07:25 Gryphon Aviary
07:28 Gryphon Aviary
07:32 Farm
07:32 Farm
07:33 Farm
07:36 Farm
08:00 Scout Tower
08:01 Scout Tower
08:02 Scout Tower
08:03 Scout Tower
08:04 Scout Tower
08:05 Scout Tower
08:07 Scout Tower
08:08 Scout Tower
08:10 Scout Tower
09:48 Arcane Tower
09:51 Arcane Tower
10:11 Castle
10:11 Castle
10:12 Castle
13:13 Blacksmith
14:49 Barracks
14:52 Farm
14:54 Farm
14:55 Farm
14:57 Farm
19:15 Scout Tower
19:15 Scout Tower
19:17 Scout Tower
19:25 Scout Tower
19:26 Scout Tower
19:26 Scout Tower
19:28 Scout Tower
19:28 Scout Tower
19:29 Scout Tower
19:31 Scout Tower
19:31 Scout Tower
19:32 Scout Tower
19:33 Scout Tower
19:34 Scout Tower
19:34 Scout Tower
19:36 Scout Tower
19:37 Scout Tower
19:39 Scout Tower
19:41 Scout Tower
19:42 Scout Tower
19:43 Scout Tower
20:03 Arcane Tower
20:33 Guard Tower
20:51 Guard Tower
20:51 Guard Tower
20:57 Guard Tower
22:58 Arcane Tower
24:42 Arcane Vault
25:08 Gryphon Aviary
26:58 Lumber Mill
31:40 Scout Tower
31:40 Scout Tower
31:41 Scout Tower
31:48 Farm
31:51 Farm
32:13 Guard Tower
32:14 Guard Tower
32:14 Guard Tower
32:30 Farm
32:43 Scout Tower
32:45 Scout Tower
32:49 Scout Tower
32:50 Scout Tower
32:52 Scout Tower
33:01 Scout Tower
33:45 Guard Tower
33:50 Scout Tower
33:52 Scout Tower
33:57 Town Hall
34:48 Guard Tower
34:52 Town Hall
35:16 Scout Tower
35:22 Scout Tower
35:25 Scout Tower
36:25 Guard Tower
36:29 Scout Tower
36:29 Scout Tower
36:30 Scout Tower
36:35 Scout Tower
36:39 Scout Tower
36:43 Scout Tower
36:44 Scout Tower
37:39 Guard Tower
37:48 Scout Tower
37:51 Scout Tower
37:55 Scout Tower
38:30 Scout Tower
38:31 Scout Tower
38:49 Farm
38:54 Farm
38:56 Farm
39:00 Guard Tower
39:25 Guard Tower
40:01 Scout Tower
40:04 Scout Tower
40:07 Scout Tower
40:08 Scout Tower
40:14 Scout Tower
40:18 Scout Tower
40:57 Guard Tower
41:20 Guard Tower
41:36 Guard Tower
41:58 Scout Tower
42:04 Scout Tower
42:06 Scout Tower
42:07 Scout Tower
42:08 Scout Tower
42:53 Guard Tower
43:03 Scout Tower
43:07 Scout Tower
43:18 Scout Tower
43:36 Guard Tower
43:38 Guard Tower
43:42 Guard Tower
43:46 Guard Tower
44:07 Altar of Kings
44:19 Guard Tower
46:13 Scout Tower
46:30 Farm
50:07 Guard Tower
51:39 Farm
51:45 Farm
51:46 Farm
» items
                
                | Staff of Teleportation | 1 |  | 
| Boots of Speed | 2 |  | 
| Ivory Tower | 4 |  | 
| Staff of Sanctuary | 2 |  | 
                9 total
  
               
              
              
jonmitz (
yellow | 54 APM | 3104 actions | 57:25)
              
 5 Warden 
 3 Shadow Strike
 2 Blink
 
                » actions 
                
                | Assign group hotkey | 212 |  | 
| Basic commands | 194 |  | 
| Build / train | 103 |  | 
| ESC pressed | 17 |  | 
| Enter build submenu | 38 |  | 
| Enter hero's abilities submenu | 6 |  | 
| Give item / drop item | 5 |  | 
| Remove unit from queue | 4 |  | 
| Right click | 1319 |  | 
| Select / deselect | 535 |  | 
| Select group hotkey | 465 |  | 
| Use ability | 206 |  | 
                3104 total
 » units 
                
                | Wisp | 57 |  | 
| Archer | 1 |  | 
| Razormane Medicine Man | 1 |  | 
| Druid of the Talon | 18 |  | 
| Chimaera | 2 |  | 
                79 total
 » upgrades
                
                | Druid of the Talon Training | 2 |  | 
| Mark of the Talon | 1 |  | 
                3 total
 » buildings
                
                | Altar of Elders | 2 |  | 
| Moon Well | 21 |  | 
| Tree of Life | 4 |  | 
| Ancient of War | 1 |  | 
| Ancient of Wonders | 2 |  | 
| Tree of Ages | 2 |  | 
| Tree of Eternity | 2 |  | 
| Ancient of Wind | 1 |  | 
| Chimaera Roost | 1 |  | 
                36 total
 » build order
                00:28 Altar of Elders
00:41 Moon Well
01:11 Tree of Life
01:50 Ancient of War
03:55 Moon Well
03:59 Moon Well
03:59 Moon Well
04:09 Moon Well
05:15 Moon Well
05:16 Moon Well
05:23 Moon Well
05:42 Moon Well
06:18 Moon Well
07:15 Moon Well
08:22 Tree of Life
09:37 Tree of Life
09:54 Moon Well
09:56 Moon Well
09:58 Moon Well
10:13 Ancient of Wonders
13:19 Tree of Ages
16:24 Tree of Eternity
16:28 Moon Well
16:30 Moon Well
16:34 Moon Well
16:35 Moon Well
23:30 Tree of Life
25:45 Tree of Ages
28:20 Ancient of Wind
30:51 Altar of Elders
32:00 Tree of Eternity
38:56 Moon Well
39:40 Moon Well
40:05 Moon Well
41:27 Chimaera Roost
47:35 Ancient of Wonders
» items
                
                | Lesser Clarity Potion | 1 |  | 
| Scroll of Regeneration | 1 |  | 
| Staff of Teleportation | 1 |  | 
| Moonstone | 2 |  | 
| Orb of Venom | 1 |  | 
                6 total
  
               
              
              
RonPaul (
pink | 54 APM | 3115 actions | 57:25)
              
 6 Archmage 
 3 Blizzard
 2 Brilliance Aura
 1 Mass Teleport
 
                » actions 
                
                | Assign group hotkey | 20 |  | 
| Basic commands | 10 |  | 
| Build / train | 112 |  | 
| ESC pressed | 12 |  | 
| Enter build submenu | 59 |  | 
| Enter hero's abilities submenu | 6 |  | 
| Give item / drop item | 1 |  | 
| Right click | 1098 |  | 
| Select / deselect | 395 |  | 
| Select group hotkey | 1231 |  | 
| Use ability | 171 |  | 
                3115 total
 » units 
                
                | Peasant | 21 |  | 
| Dragonhawk Rider | 16 |  | 
| Mortar Team | 2 |  | 
| Gryphon Rider | 9 |  | 
                48 total
 » upgrades
                
                | Masonry | 3 |  | 
| Armor | 3 |  | 
| Lumber Harvesting | 1 |  | 
| Magic Sentry | 1 |  | 
| Swords | 3 |  | 
| Storm Hammers | 1 |  | 
| Cloud | 1 |  | 
| Animal War Training | 1 |  | 
                14 total
 » buildings
                
                | Altar of Kings | 1 |  | 
| Farm | 15 |  | 
| Lumber Mill | 1 |  | 
| Scout Tower | 51 |  | 
| Arcane Vault | 2 |  | 
| Guard Tower | 28 |  | 
| Keep | 1 |  | 
| Arcane Tower | 4 |  | 
| Blacksmith | 1 |  | 
| Arcane Sanctum | 1 |  | 
| Gryphon Aviary | 3 |  | 
| Castle | 1 |  | 
| Barracks | 1 |  | 
| Workshop | 1 |  | 
| Cannon Tower | 3 |  | 
                114 total
 » build order
                00:07 Altar of Kings
00:22 Farm
00:54 Lumber Mill
00:56 Farm
01:37 Farm
01:56 Scout Tower
01:58 Scout Tower
02:14 Arcane Vault
02:39 Guard Tower
03:07 Guard Tower
03:17 Farm
03:19 Scout Tower
03:20 Scout Tower
03:25 Scout Tower
03:29 Scout Tower
03:36 Scout Tower
03:42 Scout Tower
03:47 Scout Tower
03:49 Scout Tower
04:04 Scout Tower
04:05 Guard Tower
04:07 Scout Tower
04:12 Scout Tower
04:13 Guard Tower
04:31 Scout Tower
04:38 Guard Tower
04:38 Guard Tower
04:41 Scout Tower
04:42 Scout Tower
04:43 Scout Tower
04:44 Scout Tower
04:45 Scout Tower
04:46 Guard Tower
04:56 Guard Tower
05:03 Guard Tower
05:08 Scout Tower
05:09 Scout Tower
05:10 Scout Tower
05:11 Scout Tower
05:13 Scout Tower
05:13 Scout Tower
05:17 Scout Tower
05:18 Scout Tower
05:19 Scout Tower
05:21 Guard Tower
05:26 Keep
05:31 Arcane Tower
05:41 Guard Tower
05:44 Guard Tower
05:56 Blacksmith
06:00 Guard Tower
06:04 Guard Tower
06:12 Guard Tower
06:24 Guard Tower
06:38 Guard Tower
06:45 Scout Tower
06:47 Scout Tower
06:48 Scout Tower
06:49 Scout Tower
06:50 Scout Tower
06:51 Scout Tower
06:56 Guard Tower
07:03 Guard Tower
07:09 Arcane Tower
07:27 Guard Tower
07:28 Guard Tower
07:41 Guard Tower
07:52 Guard Tower
08:29 Scout Tower
08:34 Arcane Sanctum
08:42 Guard Tower
08:50 Guard Tower
09:12 Guard Tower
10:01 Gryphon Aviary
10:14 Arcane Vault
10:26 Scout Tower
10:28 Scout Tower
10:30 Scout Tower
10:34 Scout Tower
10:35 Scout Tower
11:18 Guard Tower
11:30 Guard Tower
11:34 Gryphon Aviary
12:10 Scout Tower
12:11 Scout Tower
12:36 Farm
12:38 Castle
13:14 Arcane Tower
13:16 Farm
13:20 Farm
14:39 Farm
14:56 Arcane Tower
15:04 Barracks
15:25 Farm
15:26 Farm
15:27 Farm
15:45 Workshop
15:58 Scout Tower
15:58 Scout Tower
15:59 Scout Tower
16:00 Scout Tower
16:01 Scout Tower
16:02 Scout Tower
16:03 Scout Tower
16:21 Scout Tower
16:22 Scout Tower
16:47 Farm
17:15 Cannon Tower
17:19 Cannon Tower
19:27 Cannon Tower
26:58 Farm
26:59 Farm
27:00 Farm
30:23 Gryphon Aviary
» items
                
                | Boots of Speed | 1 |  | 
| Staff of Sanctuary | 1 |  | 
| Staff of Teleportation | 1 |  | 
| Potion of Lesser Invulnerability | 1 |  | 
| Ivory Tower | 1 |  | 
                5 total
  
                Chat log
          (00:11 / Allies) RonPaul: old school?
(00:23 / Allies) jonmitz: already going to left
(00:35 / Allies) RonPaul: do we send anything to yellow
(00:40 / Allies) RonPaul: resources
(01:05 / Allies) jonmitz: LUMBER
(01:07 / Allies) jonmitz: QUICK
(02:04 / Allies) jonmitz: halfway
(02:10 / All) ScriBz]: tree of life
(02:12 / All) ScriBz]: Outside our base
(02:13 / All) ScriBz]: EH?
(02:18 / Allies) jonmitz: what the fuck
(02:18 / Allies) jonmitz: how
(02:23 / Allies) jonmitz: ????????????????????
(02:35 / Allies) jonmitz: tower
(02:42 / Allies) jonmitz: with 1 peasant
(04:25 / Allies) jonmitz: NICE
(04:26 / Allies) RonPaul: money sho
(04:51 / All) ScriBz]: U GUYS ARNT FROM CHINA
(04:55 / All) ScriBz]: WH YU BUILDING GREAT WALL OF CHINA!??!?!
(04:56 / All) jonmitz: yes we are
(05:01 / Allies) jonmitz: map hacking?
(05:03 / Allies) jonmitz: no way
(06:30 / Allies) Blahsmack: lum
(06:32 / Allies) Blahsmack: ber
(06:34 / Allies) Blahsmack: jah
(06:35 / Allies) Blahsmack: ith
(07:40 / Allies) jonmitz: you're not from china why are you building a great wall
(07:48 / Allies) RonPaul: that's quite quotable
(08:45 / Allies) jonmitz: i got items on my warde
(08:49 / Allies) jonmitz: +3 all attributes
(10:08 / Allies) jonmitz: no shop?
(10:46 / Allies) jonmitz: how do we highperch? i dont understand
(10:55 / Allies) RonPaul: fuck
(10:57 / Allies) RonPaul: no orc
(11:25 / Allies) jonmitz: oh
(11:26 / Allies) jonmitz: neat
(11:26 / Allies) jonmitz: lol
(11:42 / Allies) jonmitz: oh yeah tinker
(11:47 / Allies) jonmitz: omw
(11:53 / Allies) jonmitz: let me get first staff
(12:11 / Allies) jonmitz: gogogo
(13:08 / Allies) jonmitz: ok you said dotts
(13:12 / Allies) jonmitz: and chims?
(13:17 / Allies) jonmitz: yeah
(13:30 / Allies) jonmitz: more wells?
(14:15 / Allies) RonPaul: looks like they're crazy about tanks
(14:48 / Allies) RonPaul: gold me
(16:57 / Allies) jonmitz: hey
(16:58 / Allies) jonmitz: ron paul
(17:00 / Allies) jonmitz: on your arch mage
(17:04 / Allies) jonmitz: i put an item for storage
(17:06 / Allies) RonPaul: k
(17:07 / Allies) jonmitz: :)
(17:56 / Allies) jonmitz: woah
(17:57 / Allies) jonmitz: what the fuck
(18:03 / Allies) RonPaul: I said
(18:05 / Allies) jonmitz: gg?
(18:06 / Allies) RonPaul: CRAZY ABOUT TANKS
(18:22 / Allies) RonPaul: haha what
(18:35 / Allies) jonmitz: are we gged?
(21:27 / Allies) jonmitz: k
(22:42 / All) SeX_Nao: gg
(22:48 / All) jonmitz: leaving?
(23:15 / Allies) RonPaul: so i guess blah is goin to sanct his way to the perch?
(24:04 / Allies) RonPaul: gold me yellow before I go into upkeep
(25:18 / All) jonmitz: laffo
(25:21 / All) ScriBz]: LOL
(25:23 / All) SeX_Nao: lol we both did
(25:24 / All) ScriBz]: U WONT WIN
(25:24 / All) ScriBz]: HAHAHA
(25:25 / All) SeX_Nao: gay strats.
(26:10 / Allies) jonmitz: peasans
(26:22 / Allies) RonPaul: repeat sorry
(26:31 / Allies) Blahsmack: try to mine it
(26:31 / Allies) RonPaul: k
(26:38 / Allies) Blahsmack: long range if you need to
(26:47 / Allies) RonPaul: shit pally
(26:55 / Allies) jonmitz: NICE
(27:03 / Allies) jonmitz: do you need money?
(27:10 / Allies) jonmitz: uh
(27:27 / Allies) jonmitz: 10k still
(28:32 / Allies) jonmitz: worthit to mine?
(28:34 / Allies) jonmitz: a 1000 profit
(28:35 / Allies) jonmitz: :/
(28:39 / Allies) RonPaul: i'm in high
(28:40 / Allies) jonmitz: ron
(28:46 / All) ScriBz]: Btw
(28:48 / Allies) RonPaul: low upkeep
(28:48 / All) ScriBz]: We know the secret
(28:50 / All) ScriBz]: How to teleport
(28:52 / All) ScriBz]: up there
(28:55 / All) jonmitz: ok
(28:57 / All) jonmitz: good
(29:00 / All) ScriBz]: do uy know it?
(29:06 / All) jonmitz: huh
(29:08 / All) jonmitz: wait
(29:09 / All) jonmitz: wjat
(29:11 / All) ScriBz]: do u know the secret
(29:12 / All) ScriBz]: teleport
(29:13 / All) ScriBz]: ?
(29:17 / All) jonmitz: uh.. blink?
(29:23 / All) jonmitz: thats not a secret, champ
(29:28 / All) ScriBz]: no 
(29:31 / All) ScriBz]: How u get peasnt
(29:32 / All) ScriBz]: up there?
(30:16 / All) ScriBz]: |How did u get peasnt up there
(30:17 / All) ScriBz]: And we leave
(30:18 / All) ScriBz]: the game
(30:18 / Allies) jonmitz: 3 paladins is a load of shit
(30:24 / All) jonmitz: we didnt
(30:29 / All) jonmitz: he was born on highperch
(30:32 / All) ScriBz]: we scouted u
(30:32 / All) jonmitz: dont you understand
(30:43 / All) ScriBz]: We will leave
(30:46 / All) ScriBz]: if u tell us the secret
(30:54 / All) RonPaul: THE SECRET OF HIGHPERCH
(31:00 / All) jonmitz: passed down
(31:03 / All) jonmitz: generation
(31:05 / All) jonmitz: by generation
(31:08 / All) RonPaul: of ron pauls
(31:13 / All) Blahsmack: freemason
(31:19 / Allies) jonmitz: oh shit
(31:20 / All) ScriBz]: Just
(31:20 / Allies) jonmitz: WAIT
(31:22 / Allies) jonmitz: build towers
(31:22 / All) ScriBz]: do u want a free win>?
(31:22 / Allies) jonmitz: now
(31:24 / Allies) jonmitz: they know about it
(31:28 / Allies) jonmitz: hurry
(31:29 / Allies) jonmitz: they will get air
(32:09 / All) ScriBz]: Can you tell me?
(32:12 / All) ScriBz]: ANd ill leave the game
(32:13 / All) ScriBz]: Right now
(32:23 / All) jonmitz: no
(32:25 / All) jonmitz: $1000 USD
(32:30 / All) ScriBz]: K
(32:31 / All) ScriBz]: Tell me
(32:32 / All) ScriBz]: Then i paypal
(32:34 / All) jonmitz: wire it
(33:08 / Allies) RonPaul: this?
(33:37 / Allies) RonPaul: getting pal sniped
(33:51 / Allies) jonmitz: who
(33:52 / Allies) jonmitz: oh
(34:00 / Allies) jonmitz: do you need wood too
(34:38 / Allies) jonmitz: leave some trees
(34:40 / Allies) jonmitz: on highperch
(35:10 / Allies) jonmitz: leave room for wells
(35:16 / Allies) jonmitz: and some trees
(35:17 / Allies) jonmitz: for me
(35:27 / Allies) jonmitz: keep that il tree
(35:29 / Allies) jonmitz: :D
(36:11 / Allies) jonmitz: ron paul
(36:41 / Allies) RonPaul: sorry was defending base
(36:51 / Allies) jonmitz: fuckk
(36:55 / Allies) jonmitz: i ned a townhall to tp to
(37:07 / Allies) jonmitz: yep
(38:16 / Allies) jonmitz: what the
(39:01 / All) ScriBz]: we know how u did it
(39:04 / All) ScriBz]: Mass teleport
(39:16 / All) jonmitz: exactly, with our lvl 6 mahe we dont have
(39:21 / Allies) RonPaul: i just turned 6
(39:24 / All) ScriBz]: Pink has one
(39:25 / All) SeX_Nao: pinks hero
(39:26 / All) ScriBz]: moron
(39:27 / All) SeX_Nao: is 6 moron
(39:30 / Allies) RonPaul: destroying 40 tanks
(39:41 / Allies) jonmitz: lol
(39:56 / All) jonmitz: are you korean
(40:01 / All) SeX_Nao: are you..
(40:11 / All) jonmitz: fine i wont tell you how
(40:17 / All) jonmitz: asshole
(40:19 / All) ScriBz]: we told u
(40:21 / All) ScriBz]: if u tell us ohw
(40:23 / All) ScriBz]: we will leave..
(40:43 / Allies) RonPaul: tanks tehre
(41:10 / Allies) jonmitz: everyone good on gold/shit
(41:22 / Allies) RonPaul: I'm broke but whatever I'm at 84 food
(41:33 / Allies) jonmitz: i will blow this up
(41:35 / Allies) jonmitz: after i make
(41:49 / Allies) jonmitz: 5555
(41:50 / Allies) jonmitz: 8)
(42:11 / Allies) RonPaul: I could mass tele raid that shit
(42:16 / Allies) jonmitz: bad idea
(42:23 / Allies) Blahsmack: tp staff down
(42:25 / Allies) Blahsmack: then mass tp
(42:31 / Allies) Blahsmack: then mass tp out
(43:27 / Allies) jonmitz: how many chims?
(43:30 / Allies) jonmitz: eh
(43:31 / Allies) jonmitz: nvm
(43:32 / Allies) Blahsmack: just enough
(43:32 / Allies) jonmitz: only 1
(43:59 / All) jonmitz: are you korean
(44:03 / All) ScriBz]: no
(44:04 / All) ScriBz]: we arnt
(44:07 / All) SeX_Nao: shut up dumbcunt
(44:08 / All) jonmitz: usa
(44:18 / All) ScriBz]: nah
(44:20 / All) ScriBz]: Hes joking
(44:23 / All) Blahsmack: usa numbah one
(44:24 / All) SeX_Nao: Jks llol
(44:26 / Allies) Blahsmack: lomao
(44:28 / All) ScriBz]: yeh
(44:29 / All) ScriBz]: We usa
(44:29 / All) SeX_Nao: yeh usa is cool
(44:31 / All) ScriBz]: Claiforna
(44:32 / All) SeX_Nao: :)
(44:33 / All) ScriBz]: california!
(44:34 / All) ScriBz]: =D
(44:36 / All) SeX_Nao: im new york
(44:40 / All) Crypsis: nice
(45:23 / Allies) jonmitz: lol at tanks
(45:31 / All) Blahsmack: went over board
(45:34 / Allies) Blahsmack: with tanks
(45:40 / All) ScriBz]: Hehehehe
(45:43 / All) ScriBz]: can u tell us how to do that?
(45:46 / All) jonmitz: no
(45:50 / All) jonmitz: you called me a rude name
(45:51 / All) ScriBz]: we will leave..
(45:52 / All) SeX_Nao: why..
(45:56 / All) SeX_Nao: i was joking
(45:59 / All) jonmitz: you called me a "dumbcunt"
(46:04 / All) ScriBz]: Hes a dumb cunt..
(46:05 / All) SeX_Nao: jokes
(46:06 / Allies) jonmitz: i wonder if it occurs to them
(46:10 / Allies) jonmitz: they can watch the replay
(46:10 / Allies) jonmitz: lol
(46:35 / Allies) RonPaul: so we're set, right?
(46:44 / Allies) jonmitz: yea
(46:51 / All) jonmitz: thanks for wasting all ur golds
(46:53 / Allies) RonPaul: yep mine's down
(47:07 / Allies) jonmitz: i sitll have 5k
(47:18 / Allies) jonmitz: i want the item that makes it nighttime
(47:23 / Allies) jonmitz: it will help me harass and im almost lvl 6
(47:23 / Allies) RonPaul: on it
(47:29 / Allies) Blahsmack: moonsroned
(47:37 / Allies) jonmitz: yeah
(48:06 / Allies) RonPaul: jesus
(48:13 / Allies) jonmitz: where
(48:28 / Allies) jonmitz: dude
(48:33 / Allies) jonmitz: what he fuck is with these people
(48:39 / Allies) jonmitz: they have moved their paladins EVERYWHERE
(48:45 / Allies) RonPaul: maphax
(48:54 / Allies) RonPaul: hahaha
(49:06 / Allies) jonmitz: killing him
(49:08 / Allies) jonmitz: hes stuck
(49:08 / Allies) RonPaul: I really do think they are maphacking
(49:13 / Allies) Blahsmack: id do the same
(49:16 / Allies) Blahsmack: if you were
(49:19 / Allies) Blahsmack: in his postion
(49:23 / Allies) Blahsmack: good work soilder
(49:27 / Allies) jonmitz: someone
(49:39 / Allies) jonmitz: who has an extra hero i can use as an item whore
(49:47 / Allies) Blahsmack: use tinker
(49:52 / Allies) Blahsmack: hes a dumb wporthless unit
(49:53 / Allies) jonmitz: i dont see him
(50:01 / Allies) jonmitz: got him
(50:11 / Allies) Blahsmack: gold me
(50:46 / Allies) Blahsmack: cum
(50:50 / Allies) Blahsmack: we steal teh goldez
(50:56 / Allies) jonmitz: how
(50:58 / Allies) jonmitz: :O
(50:58 / Allies) Blahsmack: build
(51:00 / Allies) Blahsmack: trreeee
(51:03 / Allies) jonmitz: me?
(51:04 / Allies) jonmitz: ok
(51:04 / Allies) Blahsmack: in da backroomz
(51:08 / Allies) Blahsmack: also gold me
(51:10 / Allies) jonmitz: this is the only one i have left
(51:24 / Allies) jonmitz: i use them for tps
(51:31 / Allies) jonmitz: maphacking
(51:33 / Allies) RonPaul: we have the whole mid section
(51:36 / All) jonmitz: you're maphacking
(51:40 / Allies) jonmitz: look at that
(51:42 / All) ScriBz]: yep
(51:47 / All) ScriBz]: And we can disconnet u right now
(51:48 / All) ScriBz]: If we wanted
(51:49 / All) ScriBz]: LOL
(51:49 / All) SeX_Nao: and ur wallclimbing
(51:50 / All) SeX_Nao: LOL
(51:52 / All) ScriBz]: we find this fun
(51:55 / All) ScriBz]: we all have
(51:57 / All) ScriBz]: lvl 6 paladins
(51:58 / Allies) jonmitz: neat
(52:04 / All) Blahsmack: lol
(52:07 / All) Blahsmack: then do it
(52:08 / All) Blahsmack: faggot
(52:12 / All) ScriBz]: we are having fun
(52:13 / All) ScriBz]: lawl
(52:14 / All) SeX_Nao: shut up ur mouth son.
(52:17 / All) Blahsmack: do it
(52:20 / All) Blahsmack: do it you cant do shit
(52:22 / All) Blahsmack: do it
(52:27 / All) Blahsmack: do it faggot
(52:29 / All) Blahsmack: i dare you
(52:31 / Allies) jonmitz: they're not maphacking
(52:33 / All) Blahsmack: you cant do shit
(52:37 / Allies) jonmitz: they would have spotted my warden earlier
(52:47 / Allies) jonmitz: i need
(52:49 / Allies) jonmitz: 1 more kill
(52:49 / Allies) jonmitz: for lvl 6
(52:59 / Allies) jonmitz: lvl 5 paladin
(53:01 / Allies) jonmitz: not 6
(53:20 / Allies) Blahsmack: too bad the ult doesnt work on mech units
(53:53 / Allies) Blahsmack: lmao
(53:55 / All) Blahsmack: LOL
(53:57 / All) Blahsmack: DISC US
(54:03 / All) Blahsmack: DO IT NOOB
(54:06 / All) ScriBz]: Okay we cant
(54:10 / All) ScriBz]: but we can leave without a loss.
(54:12 / All) Blahsmack: stupid faggot
(54:13 / All) ScriBz]: Tie hack
(54:18 / All) Blahsmack: then do it
(54:21 / All) Blahsmack: tie hack us
(54:24 / All) jonmitz: doesnt exist
(54:25 / All) Blahsmack: do it
(54:25 / All) jonmitz: so shut up
(54:29 / All) jonmitz: neither does a maphack
(54:29 / All) Blahsmack: fucking do it
(54:33 / All) ScriBz]: yes it does..
(54:35 / All) Blahsmack: hack me
(54:37 / All) Blahsmack: do it
(54:41 / All) ScriBz]: u have 
(54:45 / All) ScriBz]: Wisps up there
(54:46 / All) SeX_Nao: cant hack u with maphack dumbcunt
(55:00 / Allies) jonmitz: 23 damn exp
(55:32 / Allies) jonmitz: good find
(55:34 / Allies) jonmitz: wait for me though
(56:23 / Allies) jonmitz: go the other way
(56:26 / Allies) jonmitz: they'll find me
(56:43 / All) ScriBz]: i wonder how i know
(56:44 / Allies) jonmitz: wtf
(56:45 / All) ScriBz]: that urthere
(57:01 / All) Blahsmack: weeeee
(57:09 / All) ScriBz]: were just gonna tie hack
(57:13 / All) ScriBz]: now no one gets a win
(57:14 / All) ScriBz]: Or loss
(57:15 / All) Blahsmack: then do it alreayd faggot
(57:17 / All) jonmitz: go for it
(57:22 / All) Crypsis: will fatcunt
(57:22 / All) Crypsis: :)
(57:23 / All) RonPaul: do it